 Dungeon Crawl Stone Soup version 0.30-a0-605-gb2882149bf (webtiles) character file.

Game seed: 12146548230621894500

3952 acebull12 the Purveyor of Pain (level 10, -7/66 HPs)
             Began as a Demonspawn Necromancer on Jan 7, 2023.
             Was an Initiate of Kikubaaqudgha.
             Mangled by a komodo dragon (20 damage)
             ... on level 1 of the Lair of Beasts.
             The game lasted 00:32:32 (10151 turns).

acebull12 the Purveyor of Pain (DsNe)              Turns: 10151, Time: 00:32:32

Health: -7/66      AC: 17    Str:  8    XL:     10   Next: 2%
Magic:  22/22      EV: 17    Int: 21    God:    Kikubaaqudgha [......]
Gold:   364        SH:  4    Dex: 14    Spells: 18/25 levels left

rFire   . . .      SeeInvis +    N - +2 falchion (elec)
rCold   . . .      Faith    .    (no shield)
rNeg    . . .      Spirit   .    k - +0 leather armour
rPois   .          Reflect  .    l - +0 helmet
rElec   .          Harm     .    (no cloak)
rCorr   .          Rampage  .    p - +0 pair of gloves
Will    .....                    H - +1 pair of boots
Stlth   ++                       (no amulet)
HPRegen 0.31/turn                c - ring of see invisible
MPRegen 0.36/turn                E - +5 ring of evasion

@: sanguine armoured, studying Long Blades
A: hooves 1, icemail 1, magic regeneration, sanguine armour 1, condensation
shield
a: Renounce Religion


You were on level 1 of the Lair of Beasts.
You worshipped Kikubaaqudgha.
Kikubaaqudgha was noncommittal.
You visited 3 branches of the dungeon, and saw 10 of its levels.

You collected 364 gold pieces.

Inventory:

Hand Weapons
 n - a +0 rapier
 C - a +1 dagger of venom
 D - a +1 whip of flaming
 N - a +2 falchion of electrocution (weapon)
Armour
 a - a +0 robe
 k - a +0 leather armour (worn)
 l - a +0 helmet (worn)
 p - a +0 pair of gloves (worn)
 H - a +1 pair of boots (worn)
Jewellery
 c - a ring of see invisible (left hand)
 u - a ring of flight
 E - a +5 ring of evasion (right hand)
 I - a +6 ring of strength
 J - a ring of protection from cold
Wands
 v - a wand of digging (7)
 G - a wand of flame (38)
 M - a wand of charming (9)
Scrolls
 e - 3 scrolls of vulnerability {unknown}
 f - 2 scrolls of teleportation {unknown}
 g - 2 scrolls of enchant armour {unknown}
 i - 10 scrolls of identify {unknown}
 o - 2 scrolls of fear {unknown}
 q - 3 scrolls of poison {unknown}
 r - a scroll of noise {unknown}
 x - a scroll of torment {unknown}
 y - a scroll of amnesia {unknown}
 F - a scroll of magic mapping {unknown}
 K - a scroll of acquirement {unknown}
 L - a scroll of blinking {unknown}
 O - a scroll of immolation {unknown}
 Q - a scroll of brand weapon {unknown}
Potions
 b - a potion of magic
 d - 2 potions of brilliance {unknown}
 h - a potion of invisibility {unknown}
 j - 4 potions of lignification {unknown}
 m - 5 potions of flight {unknown}
 s - a potion of degeneration {unknown}
 t - 5 potions of mutation {unknown}
 w - 2 potions of heal wounds {unknown}
 z - a potion of attraction {unknown}
 A - a potion of haste {unknown}
 B - 6 potions of curing
 P - 2 potions of might {unknown}


   Skills:
 + Level 1.5 Fighting
 - Level 2.0(2.2) Short Blades
 + Level 1.5(2.0) Long Blades
 + Level 1.2 Maces & Flails
 * Level 3.5 Armour
 + Level 4.1 Dodging
 - Level 1.9 Stealth
 + Level 1.5 Shields
 + Level 0.1 Unarmed Combat
 * Level 8.1 Spellcasting
 * Level 9.6 Necromancy
 * Level 3.8 Translocations


You had 18 spell levels left.
You knew the following spells:

 Your Spells              Type           Power      Damage    Failure   Level
a - Necrotise             Necr           100%       1d9       1%          1
b - Blink                 Tloc           48%        N/A       3%          2
c - Animate Dead          Necr           49%        N/A       1%          4

Your spell library contained the following spells:

 Spells                   Type           Power      Damage    Failure   Level
 Vampiric Draining        Necr           49%        2d9       1%          3
 Agony                    Necr           49%        N/A       6%          5
 Lesser Beckoning         Tloc           48%        N/A       7%          3
 Momentum Strike          Conj/Tloc      32%        3d8       8%          2
 Inner Flame              Hex/Fire       8%         N/A       32%         3
 Cause Fear               Hex            4%         N/A       73%         4
 Discord                  Hex            4%         N/A       100%        8


Dungeon Overview and Level Annotations

Branches:
Dungeon (8/15)             Temple (1/1) D:6            Lair (1/5) D:8

Altars:
Ashenzari
Dithmenos
Fedhas
Gozag
Kikubaaqudgha
Nemelex Xobeh
Qazlal
Ru
Trog
Uskayaw
Vehumet
Wu Jian
Xom
Yredelemnul

Annotations:
D:7 2 transporters, rddays123's ghost, novice MiFi
D:8 exclusion: gargoyle


Innate Abilities, Weirdness & Mutations

You have large cloven feet.
A meltable icy envelope protects you from harm. (AC +4)
You regenerate magic rapidly.
When seriously injured, your blood forms armour. (AC +6)
A meltable shield of frost defends you. (SH +4)


Message History

A komodo dragon comes into view.
The komodo dragon hisses angrily.
The komodo dragon struggles to resist.
The komodo dragon struggles to resist.
The komodo dragon writhes in agony.
You barely miss the komodo dragon.
The komodo dragon is lightly wounded.
The komodo dragon closely misses you.
You hit the komodo dragon but do no damage.
The komodo dragon is lightly wounded.
The komodo dragon closely misses you. The komodo dragon misses you.
You slash the komodo dragon!
The komodo dragon is moderately wounded.
The komodo dragon closely misses you.
You hit the komodo dragon.
The komodo dragon is moderately wounded.
The komodo dragon misses you.
You hit the komodo dragon.
The komodo dragon is moderately wounded.
The komodo dragon bites you!!
Your blood congeals into armour.
You hit the komodo dragon.
The komodo dragon is moderately wounded.
The komodo dragon closely misses you.
You hit the komodo dragon.
The komodo dragon is moderately wounded.
The komodo dragon bites you! The komodo dragon bites you!!
* * * LOW HITPOINT WARNING * * *
Casting: Necrotise (safe; 1% risk of failure)
Confirm with . or Enter, or press ? or * to list all spells.
You blink.
You open the door.
The komodo dragon attacks as you move away!
The komodo dragon bites you but does no damage.
You feel stable enough to blink again.
There is an open door here.
A cane toad comes into view.
The komodo dragon attacks as you move away!
The komodo dragon bites you!!
You die...
Kikubaaqudgha rasps: "You have failed me!
Welcome... death!"

.. .........#
#.....
#..#..##....#
#.....
##.....##...#
##.....
#.#.#...#P..#
#....##
.#......+..##
#....~~
+...⌠...#.##
#....P~
#.......'.#
#.#....~
...####.l###
####...~
#....@## #...~
##.#.........
#....
+............
#....
#........F...
#..PP
..##..........
#...~ #.
##+##.#####
####..P~ # .#
#.....~~ .#
##......
#..###.


You could see a komodo dragon and a cane toad (asleep).

Vanquished Creatures
  Pikel (D:6)
  Prince Ribbit (D:8)
  A yak (D:4)
  A vampire mosquito (D:7)
  2 wargs (D:8)
  Duvessa (D:6)
  A water moccasin (D:6)
  A sky beast (D:7)
  3 ice beasts
  A black bear (D:6)
  5 wolves (Lair:1)
  3 centaurs
  An ogre (D:6)
  3 lemures
  2 bullfrogs
  A kobold brigand (D:5)
  4 scorpions
  Dowan (D:6)
  4 killer bees (D:8)
  3 orc priests
  2 iguanas
  Jessica (D:2)
  2 orc wizards (D:8)
  Robin (D:2)
  4 adders
  4 shadow imps
  An ufetubus (D:7)
  3 worms
  2 dart slugs
  12 orcs
  8 ball pythons
  8 endoplasms
  2 giant cockroaches
  22 goblins
  10 hobgoblins
  2 quokkas
  2 bats (D:2)
  2 frilled lizards (D:2)
  11 kobolds
  3 rats
142 creatures vanquished.

Vanquished Creatures (collateral kills)
  An orc warrior (D:8)
  An ice beast (D:8)
  A wolf (Lair:1)
  A bullfrog (D:7)
  A hound (D:4)
  A jelly (D:7)
  An orc (D:2)
  2 goblins (D:2)
9 creatures vanquished.

Vanquished Creatures (others)
  A deep elf pyromancer (D:8)
  A wolf zombie (Lair:1)
  9 orc zombies (D:8)
  2 fungi (Lair:1)
  17 plants
30 creatures vanquished.

Grand Total: 181 creatures vanquished

Notes
Turn   | Place    | Note
-------+----------+-------------------------------------------
     0 | D:1      | acebull12 the Demonspawn Necromancer began the quest for
                  | the Orb.
     0 | D:1      | Reached XP level 1. HP: 13/13 MP: 3/3
   155 | D:1      | Found a faded altar of an unknown god.
   225 | D:1      | Gained mutation: A meltable shield of frost defends you.
                  | (SH +4) [demonic ancestry]
   225 | D:1      | Reached XP level 2. HP: 16/19 MP: 1/5
  1338 | D:2      | Reached skill level 5 in Necromancy
  1348 | D:2      | Reached XP level 3. HP: 24/24 MP: 0/6
  1436 | D:2      | Noticed Robin
  1573 | D:2      | Noticed Jessica
  1577 | D:2      | Killed Jessica
  1655 | D:2      | Gained mutation: When seriously injured, your blood forms
                  | armour. (AC +6) [demonic ancestry]
  1655 | D:2      | Reached XP level 4. HP: 30/30 MP: 3/8
  1867 | D:2      | Killed Robin
  2763 | D:3      | Learned a level 2 spell: Blink
  2999 | D:3      | Reached XP level 5. HP: 35/35 MP: 6/9
  3041 | D:3      | Found a shadowy altar of Dithmenos.
  3078 | D:3      | Found a shimmering altar of Xom.
  3186 | D:4      | Reached skill level 6 in Necromancy
  3746 | D:4      | Found an opulent altar of Gozag.
  4136 | D:5      | Entered Level 5 of the Dungeon
  4402 | D:5      | Noticed a phantom
  4814 | D:5      | Noticed a yak
  4814 | D:5      | Noticed a yak
  4814 | D:5      | Noticed a yak
  4814 | D:5      | Noticed a yak
  4814 | D:5      | Noticed a yak
  4819 | D:5      | Noticed a yak
  4953 | D:6      | Noticed a lemure
  4953 | D:6      | Noticed a lemure
  4989 | D:6      | Found an ornate altar of the Wu Jian Council.
  4997 | D:6      | Gained mutation: A meltable icy envelope protects you from
                  | harm. (AC +4) [demonic ancestry]
  4997 | D:6      | Reached XP level 6. HP: 28/41 MP: 5/12
  5121 | D:6      | Noticed Pikel
  5707 | D:6      | Killed Pikel
  5708 | D:6      | Reached skill level 1 in Fighting
  5708 | D:6      | Reached skill level 1 in Short Blades
  5708 | D:6      | Reached skill level 5 in Spellcasting
  5708 | D:6      | Reached skill level 7 in Necromancy
  5708 | D:6      | Gained mutation: You have large cloven feet. [demonic
                  | ancestry]
  5708 | D:6      | Reached XP level 7. HP: 48/48 MP: 6/14
  5797 | D:6      | Noticed Duvessa
  5803 | D:6      | Noticed Dowan
  5990 | D:4      | Killed a yak
  5991 | D:4      | Reached skill level 1 in Shields
  5991 | D:4      | Reached XP level 8. HP: 16/54 MP: 8/16
  6348 | D:6      | Reached skill level 1 in Armour
  6462 | D:6      | Reached skill level 8 in Necromancy
  6598 | D:6      | Found a staircase to the Ecumenical Temple.
  6605 | Temple   | Entered the Ecumenical Temple
  6611 | Temple   | Became a worshipper of Kikubaaqudgha
  6656 | D:6      | Identified the +1 pair of gloves of Uskayaw, Hurtling
                  | {-Tele Str+9}
  7057 | D:6      | Killed Duvessa
  7058 | D:6      | Reached skill level 1 in Maces & Flails
  7066 | D:6      | Killed Dowan
  7480 | D:7      | Identified the +2 scale mail of Jalaps {Str+2}
  7505 | D:7      | Reached XP level 9. HP: 59/59 MP: 12/18
  7773 | D:7      | Found a transporter.
  7777 | D:7      | Found a transporter.
  7784 | D:7      | Identified the amulet of Quisuax {RegenMP Contam Fragile
                  | rF+++ Int+4}
  7801 | D:7      | Noticed rddays123's ghost (novice MiFi)
  7946 | D:7      | Found a sacrificial altar of Ru.
  8217 | D:8      | Noticed a gargoyle
  8378 | D:8      | Noticed Prince Ribbit
  8380 | D:8      | Reached skill level 9 in Necromancy
  8595 | D:8      | Learned a level 4 spell: Animate Dead
  8961 | D:8      | Killed Prince Ribbit
  9116 | D:8      | Noticed a deep elf pyromancer
  9124 | D:8      | Killed a deep elf pyromancer
  9196 | D:8      | Reached skill level 1 in Long Blades
  9198 | D:8      | Found a hide-covered altar of Uskayaw.
  9284 | D:8      | Found a staircase to the Lair.
  9653 | Lair:1   | Entered Level 1 of the Lair of Beasts
  9785 | Lair:1   | Noticed a komodo dragon
 10037 | Lair:1   | Gained mutation: You regenerate magic rapidly. [demonic
                  | ancestry]
 10037 | Lair:1   | Reached XP level 10. HP: 43/66 MP: 9/22
 10150 | Lair:1   | Noticed a cane toad
 10151 | Lair:1   | Mangled by a komodo dragon

Illustrated notes

Levels and vault maps discovered:
D:1:      dpeg_arrival_solitude, layout_basic,
          chequers_ecumenical_altar_simple_redux, st_stairs_3,
          nrook_loot_triangle, nicolae_kite_square_tiling_tiny
D:2:      layout_basic, eino_tiny_chamber, uniq_jessica, uniq_robin
D:3:      layout_rooms, nicolae_overflow_hidden_temple, elyvilon_altar_4,
          grunt_dithmenos_smoke, item_on_display_a
D:4:      layout_loops_corners, grunt_gozag_breadcrumbs
D:5:      layout_loops_corners, mainiacjoe_overflow_brackets,
          serial_bayou_ford_a
D:6:      layout_loops_ring, amcnicky_altar_gilded,
          minmay_temple_entry_gardened_gates, minmay_manual_mares, uniq_duvessa,
          uniq_pikel
D:7:      layout_basic, nicolae_ru_awakened_eye, gammafunk_ghost_gnarly_gnolls
D:8:      layout_basic, mainiacjoe_overflow_alcove_4, erik_lair_orcish_takeover,
          small_statue_intersection, hangedman_feature_mirror,
          guppyfry_early_elven_hall, uniq_prince_ribbit1
Temple:   eino_narrow_crystal_temple
Lair:1:   layout_roguey, patterned_corridor, grunt_megastairs_1,
          serial_bayou_shore_a, serial_bayou_shore_b

Skill      XL: |  1  2  3  4  5  6  7  8  9 |
---------------+----------------------------+-----
Dodging        | 2 3 4 |  4.1
Necromancy     | 5 6 7 8 9 |  9.6
Spellcasting   | 3 4 5 6 8 |  8.1
Fighting       | 1 |  1.5
Short Blades   | 1 2 |  2.0
Translocations | 2 3 |  3.8
Shields        | 1 |  1.5
Armour         | 1 3 |  3.5
Maces & Flails | 1 |  1.2
Long Blades    | 1 |  1.5
Stealth        | |  1.9
Unarmed Combat | |  0.1

Action                   |  1- 3 |  4- 6 |  7- 9 | 10-12 || total
-------------------------+-------+-------+-------+-------++-------
Melee: Dagger            |    20 |    16 |       |       ||    36
       Unarmed           |     6 |       |       |       ||     6
       Rapier            |       |   115 |       |       ||   115
       Punch             |       |     2 |     2 |       ||     4
       Whip              |       |       |   122 |       ||   122
       Falchion          |       |       |    64 |     7 ||    71
 Cast: Necrotise         |    45 |   125 |   166 |     3 ||   339
       Blink             |       |       |     5 |     1 ||     6
       Animate Dead      |       |       |     5 |       ||     5
 Stab: Sleeping          |     1 |       |     1 |       ||     2
       Distracted        |       |     1 |       |       ||     1
Armor: Robe              |     6 |    86 |    23 |       ||   115
       Leather armour    |       |       |    85 |     1 ||    86
Dodge: Dodged            |    14 |   102 |   356 |     6 ||   478
Block: Other             |     3 |    30 |    77 |       ||   110

Table legend: (Time is in decaauts)
 A = Elapsed time spent in this place.
 B = Non-inter-level travel time spent in this place.
 C = Inter-level travel time spent in this place.
 D = Time resting spent in this place.
 E = Time spent auto-exploring this place.
 F = Levels seen in this place.
 G = Mean time per level.
                   A        B        C        D        E       F      G
               +--------+--------+--------+--------+--------+-----+--------+
         Total |  10230 |   9338 |    892 |   1271 |   5832 |  10 | 1023.0 |
       Dungeon |   9760 |   8868 |    892 |   1271 |   5670 |   8 | 1220.0 |
        Temple |     12 |     12 |      0 |      0 |      0 |   1 |   12.0 |
          Lair |    458 |    458 |      0 |      0 |    162 |   1 |  458.0 |
               +--------+--------+--------+--------+--------+-----+--------+

Top non-repeatable levels by time:
     D:5: 1563 daAuts
     D:6: 1561 daAuts
     D:1: 1462 daAuts
     D:4: 1333 daAuts
     D:8: 1228 daAuts
     D:2: 1179 daAuts
     D:7: 889 daAuts
     D:3: 540 daAuts
  Lair:1: 458 daAuts
  Temple: 12 daAuts
